Construct Section Command Post
Selects Indian Artillery Battlegroup
Selects Artillery Saturation
Construct Platoon Command Post
6-pounder Anti-tank Gun Team
Unlock Bishop Self-propelled Artillery
Bishop Self-propelled Artillery
Selects Off-map Airburst Barrage
6-pounder Anti-tank Gun Team
Construct Company Command Post
Selects BL5.5 Artillery Emplacement
Selects Gurkha Rifles Section
6-pounder Anti-tank Gun Team